Map: Moonlight Madness LE (Void)

Players

CunningStunt

  • Race: Protoss Protoss
  • League: Gold

DoubleRound - Winner!

  • Race: Terran Terran
  • League: Gold

VOD

Have the link to the VOD?

Description

Time

  • Played on: Sept. 5, 2015, 5:23 a.m.
  • Length: 11:31
Show
View Real Time Build Order
Export as new Build Order

CunningStunt Protoss 

Build Orders:  

Get SALT Encoding   

  12  0:01  Probe (Chrono Boost)  
  13  0:11  Probe (Chrono Boost)  
  14  0:18  Pylon  
  14  0:22  Probe (Chrono Boost)  
  15  0:36  Probe (Chrono Boost)  
  15  0:39  Gateway  
  16  0:46  Probe (Chrono Boost)  
  16  0:49  Assimilator  
  17  0:56  Probe (Chrono Boost)  
  18  1:06  Probe (Chrono Boost)  
  19  1:17  Probe (Chrono Boost)  
  19  1:18  Pylon  
  20  1:27  Probe (Chrono Boost)  
  20  1:31  Cybernetics Core  
  21  1:37  Probe (Chrono Boost)  
  21  1:47  Probe (Chrono Boost)  
  22  2:01  Probe (Chrono Boost)  
  23  2:07  Nexus  
  23  2:12  Warp Gate  
  23  2:14  Mothership Core (Chrono Boost)  
  25  2:29  Assimilator  
  25  2:30  Adept  
  25  2:31  Probe (Chrono Boost)  
  28  2:42  Probe (Chrono Boost)  
  29  2:48  Pylon  
  29  2:52  Probe (Chrono Boost)  
  30  3:00  Robotics Facility  
  30  3:01  Gateway  
  30  3:02  Probe (Chrono Boost)  
  31  3:12  Probe (Chrono Boost)  
  32  3:22  Probe x2 (Chrono Boost)  
  34  3:32  Probe x2 (Chrono Boost)  
  34  3:34  Adept  
  38  3:42  Probe (Chrono Boost)  
  38  3:43  Probe (Chrono Boost)  
  38  4:11  Observer  
  38  4:12  Probe x2 (Chrono Boost)  
  41  4:22  Probe (Chrono Boost)  
  41  4:23  Gateway  
  42  4:24  Gateway  
  42  4:28  Gateway  
  42  4:33  Probe x2 (Chrono Boost), Pylon  
  42  4:36  Observer  
  45  4:39  Twilight Council  
  45  4:41  Pylon  
  45  4:42  Adept x2  
  45  4:43  Probe x2 (Chrono Boost)  
  51  5:01  Immortal  
  51  5:03  Zealot  
  51  5:05  Adept  
  57  5:14  Probe x2 (Chrono Boost)  
  59  5:23  Templar Archives  
  59  5:24  Probe x2 (Chrono Boost)  
  61  5:28  Assimilator  
  61  5:32  Pylon x2  
  61  5:33  Assimilator  
  61  5:34  Probe x2 (Chrono Boost), Pylon  
  63  5:42  Nexus  
  63  5:44  Probe (Chrono Boost), Pylon  
  63  5:45  Probe (Chrono Boost)  
  65  6:00  Probe x2 (Chrono Boost)  
  67  6:09  High Templar  
  67  6:10  Probe x2 (Chrono Boost)  
  71  6:15  Immortal  
  75  6:20  Probe x2 (Chrono Boost)  
  75  6:21  Assimilator  
  77  6:26  Assimilator  
  77  6:27  Pylon  
  77  6:29  Pylon  
  77  6:30  Probe x2 (Chrono Boost)  
  79  6:35  Shield Upgrade, High Templar  
  79  6:37  Adept  
  79  6:38  Adept x2  
  87  6:47  Probe x2 (Chrono Boost)  
  89  6:55  Observer  
  89  6:57  Probe x2 (Chrono Boost)  
  89  6:58  Probe (Chrono Boost)  
  92  7:04  Gateway  
  92  7:06  Gateway  
  92  7:07  Probe (Chrono Boost)  
  92  7:08  Probe x2 (Chrono Boost)  
  95  7:10  High Templar x2  
  95  7:11  Gateway  
  95  7:13  Gateway  
  99  7:16  Immortal  
  99  7:17  Probe (Chrono Boost)  
  104  7:25  Pylon  
  104  7:37  Psionic Storm  
  104  7:40  Charge  
  104  7:44  Probe x2 (Chrono Boost)  
  104  7:45  Probe (Chrono Boost)  
  104  7:47  Zealot x4  
  104  7:48  Zealot  
  117  7:54  Probe (Chrono Boost)  
  117  7:55  Probe (Chrono Boost)  
  117  7:56  Gateway  
  117  7:58  Immortal  
  123  7:59  Pylon  
  123  8:00  Gateway  
  123  8:08  Forge  
  123  8:09  Forge  
  123  8:12  Pylon  
  123  8:13  Zealot x3  
  123  8:14  Zealot  
  123  8:17  Probe x2 (Chrono Boost)  
  133  8:37  Pylon  
  133  8:44  Pylon  
  133  8:50  Zealot, Pylon  
  133  8:51  Zealot x6  
  147  8:56  Pylon  
  147  9:15  Pylon  
  147  9:19  Pylon  
  147  9:22  Protoss Ground Armor Level 1 (Chrono Boost)  
  147  9:29  Blink  
  147  9:37  Nexus  
  147  9:39  Pylon  
  147  9:40  Gateway  
  147  9:41  Gateway, Pylon  
  147  9:42  Gateway  
  147  9:43  Pylon x2  
  147  9:44  Pylon  
  147  9:49  Pylon  
  147  9:52  Pylon  
  147  9:57  Pylon  
  147  9:58  High Templar x3  
  147  9:59  High Templar x4  
  161  10:01  High Templar x2  
  161  10:03  Archon x3  
  161  10:04  Archon  
  151  10:10  Zealot x2  
  123  10:31  High Templar x2  
  123  10:32  Stalker x5  
  119  10:39  Archon  
  96  10:43  Zealot x4  
  88  11:00  High Templar  
  88  11:01  High Templar x4  
  88  11:04  Archon x2  
  88  11:07  Zealot x3  
  88  11:08  Zealot  
  88  11:10  Stalker x3  
  88  11:11  Stalker x2  
Show
View Real Time Build Order
Export as new Build Order

DoubleRound Terran - Winner!

Build Orders:  

Get SALT Encoding   

  12  0:03  SCV  
  13  0:15  SCV  
  13  0:18  Supply Depot  
  14  0:32  SCV  
  15  0:42  Barracks  
  15  0:44  SCV  
  15  0:45  Refinery  
  16  0:56  SCV  
  17  1:10  SCV  
  18  1:22  SCV  
  19  1:30  Barracks Reactor  
  19  1:34  Orbital Command  
  19  1:44  Supply Depot  
  19  1:54  Engineering Bay  
  19  2:02  SCV  
  20  2:10  Marine  
  20  2:11  Marine  
  20  2:14  Command Center, SCV  
  23  2:26  SCV  
  23  2:28  Marine x2  
  23  2:29  Factory  
  26  2:37  Refinery  
  26  2:38  SCV  
  27  2:47  Supply Depot  
  27  2:48  Marine  
  27  2:50  SCV, Marine  
  30  3:02  SCV  
  31  3:14  Factory Tech Lab, SCV  
  31  3:16  Starport  
  32  3:26  SCV  
  33  3:27  Orbital Command  
  33  3:33  Cyclone  
  36  3:39  Marine x2  
  36  3:41  SCV  
  39  3:53  SCV  
  39  3:56  SCV  
  39  4:05  SCV  
  39  4:08  SCV  
  40  4:11  Medivac  
  40  4:12  Cyclone  
  40  4:15  Refinery  
  40  4:16  Refinery  
  45  4:17  SCV, Supply Depot  
  45  4:20  SCV  
  47  4:29  SCV  
  48  4:32  SCV  
  49  4:41  SCV  
  49  4:44  SCV  
  51  4:45  Mag-Field Accelerator  
  51  4:46  Starport Tech Lab  
  51  4:53  SCV  
  48  5:13  Armory, SCV  
  48  5:14  SCV  
  45  5:17  Command Center  
  45  5:19  Cyclone  
  45  5:20  Raven  
  50  5:26  SCV x2  
  52  5:38  SCV x2  
  52  5:40  Factory  
  52  5:42  Factory  
  54  5:50  SCV x2  
  54  5:56  Supply Depot  
  56  6:02  SCV x2  
  58  6:13  Factory  
  58  6:14  SCV x2, Barracks Reactor  
  58  6:17  Factory  
  60  6:25  Factory Reactor  
  60  6:26  Factory Tech Lab  
  60  6:30  Orbital Command  
  60  6:33  Hellion  
  60  6:34  SCV x2  
  60  6:36  Terran Vehicle Weapons Level 1  
  64  6:48  Cyclone  
  67  6:59  Infernal Pre-Igniter  
  67  7:03  Liberator x2  
  67  7:09  SCV x2  
  69  7:17  Refinery  
  69  7:20  Refinery  
  69  7:21  SCV  
  69  7:22  Factory Tech Lab  
  76  7:24  Hellion x2  
  76  7:26  Hellion x2  
  76  7:27  Hellion  
  86  7:31  Orbital Command  
  86  7:32  SCV  
  86  7:33  SCV  
  88  7:37  Armory  
  88  7:44  SCV  
  88  7:45  SCV, Hellion x2  
  88  7:48  Hellion x3  
  100  7:57  SCV  
  101  8:05  Supply Depot  
  101  8:07  Supply Depot  
  101  8:10  Supply Depot x2  
  101  8:12  SCV, Cyclone x2  
  108  8:21  Supply Depot x2  
  108  8:23  Supply Depot  
  108  8:24  Command Center  
  108  8:27  SCV, Cyclone, Hellbat x2  
  115  8:28  SCV  
  115  8:29  SCV, Cyclone  
  115  8:33  Terran Vehicle Weapons Level 2  
  121  8:34  Terran Vehicle And Ship Armor Level 1  
  121  8:44  Cyclone, Liberator x2  
  121  8:47  SCV x2  
  126  8:57  Engineering Bay  
  132  9:11  Supply Depot  
  132  9:13  Supply Depot  
  132  9:14  Supply Depot x2  
  132  9:17  Hellbat x2  
  132  9:18  Cyclone x2  
  132  9:21  Hellbat x2  
  146  9:33  Sensor Tower  
  146  9:48  SCV x3  
  152  9:52  Cyclone  
  152  9:53  Cyclone x2  
  158  10:00  SCV x3  
  149  10:35  Cyclone x4  
  152  10:37  Hellbat x2  
  141  10:50  SCV x3  
  141  10:53  Planetary Fortress, Refinery  
  141  10:54  Refinery  
  144  11:02  SCV x3  
  147  11:14  SCV  
Tags
 
Add a new tag
Caveats
  • Supply blocks, unpowered buildings, or Contaminate may cause inaccurate times.
  • Supply counts are checked every 10 seconds.